 Dungeon Sprint DCSS version 0.28-a0-1356-g2ad6d04315 (webtiles) character file.

Game seed: 4027667757443708103

182 mhtbhm the Ruffian (level 5, -4/45 HPs)
             Began as a Djinni Cinder Acolyte on Dec 30, 2021.
             Was a High Priest of Ignis.
             Slain by an orc warrior (15 damage)
             ... in the Dungeon (Sprint IX: "|||||||||||||||||||||||||||||").
             The game lasted 00:01:36 (789 turns).

mhtbhm the Ruffian (Djinni Cinder Acolyte)           Turns: 789, Time: 00:01:36

Health: -4/45      AC:  3    Str: 18    XL:     5   Next: 93%
Gold:   0          EV: 14    Int: 15    God:    Ignis [*****.] SH:  0 Dex:  9

rFire   + + +      SeeInvis .     - Unarmed
rCold   x . .      Faith    .   (no shield)
rNeg    . . .      Spirit   .   a - +0 robe
rPois   ∞          Reflect  .   (no helmet)
rElec   .          Harm     .   h - +0 cloak
rCorr   .          Rampage  .   (no gloves)
Will    .....      NoTele   +   (boots unavailable)
Stlth   +.........              (no amulet)
HPRegen 0.15/turn               i - +2 ring of evasion
MPRegen 0.00/turn               j - +3 ring of strength

@: flying
A: sickness immunity, fire resistance 2, cold vulnerability 1, float, innate
caster, hp casting, extra vitality 1
a: Renounce Religion, Fiery Armour, Foxfire Swarm, Rising Flame


You were in the Dungeon.
You worshipped Ignis.
Ignis was extremely pleased with you.
You visited 1 branch

Inventory:

Armour
 a - a +0 robe (worn)
 h - a +0 cloak (worn)
Jewellery
 i - a +2 ring of evasion (left hand)
 j - a +3 ring of strength (right hand)
Wands
 g - a wand of iceblast (10)
Scrolls
 f - 2 scrolls of blinking
Potions
 b - a potion of invisibility
 c - 2 potions of heal wounds
 d - a potion of haste
 e - 4 potions of curing


   Skills:
 + Level 5.8 Fighting
 + Level 1.8 Dodging
 + Level 0.2 Stealth
 + Level 6.5 Unarmed Combat
 + Level 6.4 Spellcasting


You had 11 spell levels left.
You knew the following spells:

 Your Spells              Type           Power      Damage    Failure   Level
a - Scorch                Fire           48%        2d7       1%          2
b - Freeze                Ice            96%        1d11      1%          1
c - Static Discharge      Conj/Air       24%        N/A       1%          2
Your spell library was empty.

Dungeon Overview and Level Annotations

Branches:
Dungeon (1/1)

Altars:
Cheibriados
Dithmenos
Elyvilon
Fedhas
Gozag
Hepliaklqana
Kikubaaqudgha
Makhleb
Nemelex Xobeh
Okawaru
Qazlal
Ru
Sif Muna
Trog
Uskayaw
Vehumet
Wu Jian
Xom
Yredelemnul
Zin
The Shining One
Beogh
Jiyva
Lugonu


Innate Abilities, Weirdness & Mutations

You are immune to sickness and miasma.
You are immune to poison.
Your flesh is very heat resistant. (rF++)
You are vulnerable to cold. (rC-)
You float through the air rather than walking.
You learn spells naturally, not from books.
Your magical power is your life essence.
You have superior vitality. (+4 MHP)


Message History

You are struck by an arc of lightning.
The lightning grounds out.
Unknown command.
Unknown command.
Casting: Static Discharge (safe; 1% risk of failure)
Confirm with . or Enter, or press ? or * to list all spells.
The orc warrior is struck by an arc of lightning.
The orc warrior is moderately wounded.
The kobold brigand is struck by an arc of lightning.
The kobold brigand is lightly wounded.
The lightning grounds out.
The orc warrior hits you with a +0 war axe!
Unknown command.
Unknown command.
Casting: Static Discharge (safe; 1% risk of failure)
Confirm with . or Enter, or press ? or * to list all spells.
Flames lash the kobold brigand.
The kobold brigand is moderately wounded.
The kobold brigand's fire resistance burns away.
The orc warrior hits you with a +0 war axe!
* * * LOW HITPOINT WARNING * * *
Casting: Scorch (safe; 1% risk of failure)
Confirm with . or Enter, or press ? or * to list all spells.
Aiming: Freeze (safe; 1% risk of failure)
Press: ? - help, Shift-Dir - straight line, f - orc warrior
Aim: an orc warrior, wielding a +0 war axe and wearing a +0 plate armour (moderately wounded)
You freeze the orc warrior.
The orc warrior is moderately wounded.
* * * LOW HITPOINT WARNING * * *
The orc warrior barely misses you.
Unknown command.
Casting: Freeze (safe; 1% risk of failure)
Confirm with . or Enter, or press ? or * to list all spells.
Aiming: Freeze (safe; 1% risk of failure)
Press: ? - help, Shift-Dir - straight line, f/p - orc warrior
Aim: an orc warrior, wielding a +0 war axe and wearing a +0 plate armour (moderately wounded)
You freeze the orc warrior!
The orc warrior is severely wounded.
* * * LOW HITPOINT WARNING * * *
The orc warrior hits you with a +0 war axe!
You die... ▓▓▓▓▓▓▓▓▓▓▓▓▓▓▓▓▓▓▓▓▓▓▓▓ .ZKZYKo@.[[..)?!'_______ ▓▓▓▓▓▓▓▓▓▓▓▓▓▓▓▓▓▓▓▓▓▓▓▓

You could see a yak, an orc warrior, 2 kobold brigands, a ball python zombie and a giant cockroach zombie.

Vanquished Creatures
  An ogre (D)
  A scorpion (D)
  An iguana (D)
  An adder (D)
  An orc (D)
  2 ball pythons (D)
  A goblin (D)
  A kobold (D)
  A frilled lizard (D)
10 creatures vanquished.

Notes
Turn   | Place    | Note
-------+----------+-------------------------------------------
     0 | D        | mhtbhm the Djinni Cinder Acolyte began the quest for the
                  | Orb.
     0 | D        | Reached XP level 1. HP: 20/20 MP: 0/0
     9 | D        | Banished a spatial maelstrom
    17 | D        | Reached XP level 2. HP: 11/25 MP: 0/0
   192 | D        | Noticed a scorpion
   192 | D        | Noticed an ogre
   214 | D        | Killed an ogre
   215 | D        | Reached skill level 5 in Fighting
   215 | D        | Reached skill level 1 in Dodging
   215 | D        | Reached skill level 5 in Unarmed Combat
   215 | D        | Reached skill level 5 in Spellcasting
   215 | D        | Reached XP level 3. HP: 10/33 MP: 0/0
   215 | D        | Learned a level 1 spell: Freeze
   215 | D        | Reached XP level 4. HP: 12/39 MP: 0/0
   215 | D        | Reached XP level 5. HP: 14/43 MP: 0/0
   215 | D        | Learned a level 2 spell: Static Discharge
   726 | D        | Found a snail-covered altar of Cheibriados.
   726 | D        | Found a shadowy altar of Dithmenos.
   726 | D        | Found a white marble altar of Elyvilon.
   726 | D        | Found a blossoming altar of Fedhas.
   726 | D        | Found an opulent altar of Gozag.
   727 | D        | Found a hazy altar of Hepliaklqana.
   728 | D        | Found a viscous altar of Jiyva.
   730 | D        | Found a corrupted altar of Lugonu.
   731 | D        | Found a burning altar of Makhleb.
   732 | D        | Found a sparkling altar of Nemelex Xobeh.
   733 | D        | Found an iron altar of Okawaru.
   734 | D        | Found a stormy altar of Qazlal.
   735 | D        | Found a sacrificial altar of Ru.
   737 | D        | Found a bloodstained altar of Trog.
   738 | D        | Found a hide-covered altar of Uskayaw.
   740 | D        | Found an ornate altar of the Wu Jian Council.
   741 | D        | Found a shimmering altar of Xom.
   742 | D        | Found a basalt altar of Yredelemnul.
   743 | D        | Found a glowing silver altar of Zin.
   744 | D        | Found a glowing golden altar of the Shining One.
   784 | D        | Noticed a kobold brigand
   784 | D        | Noticed a yak
   784 | D        | Noticed a kobold brigand
   784 | D        | Noticed an orc warrior
   789 | D        | Slain by an orc warrior

Illustrated notes

Levels and vault maps discovered:
D:        linesprint [early_d, line_temple, items_1, d_10, items_2, lair_1,
          lair_end, items_3, orc_1, orc_end, items_4, d_15, swamp_1, shoals_1,
          snake_1, spider_1, d_20, vaults_1, items_5, swamp_end, shoals_end,
          snake_end, spider_end, vaults_end, d_27, items_6, zot_1, zot_end,
          crypt_end, forest_end, elf_end, slime_end, tomb_end, abyss_end,
          pan_hell_end]

Skill      XL: |  1  2  3  4  5 |
---------------+----------------+-----
Spellcasting   | 3 5 6 |  6.4
Unarmed Combat | 5 6 |  6.5
Fighting       | 5 |  5.8
Dodging        | 1 |  1.8
Stealth        | |  0.2

Action                   |  1- 3 |  4- 6 || total
-------------------------+-------+-------++-------
Melee: Unarmed           |    22 |       ||    22
 Cast: Scorch            |     7 |     5 ||    12
       Freeze            |       |     9 ||     9
       Static Discharge  |       |     2 ||     2
  Use: Potion            |     3 |       ||     3
Armor: Robe              |     2 |       ||     2
Dodge: Dodged            |    14 |     5 ||    19

Table legend: (Time is in decaauts)
 A = Elapsed time spent in this place.
 B = Non-inter-level travel time spent in this place.
 C = Inter-level travel time spent in this place.
 D = Time resting spent in this place.
 E = Time spent auto-exploring this place.
 F = Levels seen in this place.
 G = Mean time per level.
                   A        B        C        D        E       F      G
               +--------+--------+--------+--------+--------+-----+--------+
         Total |    797 |    797 |      0 |    663 |      0 |   1 |  797.0 |
       Dungeon |    797 |    797 |      0 |    663 |      0 |   1 |  797.0 |
               +--------+--------+--------+--------+--------+-----+--------+

Top non-repeatable levels by time:
       D: 797 daAuts
